 Dungeon Crawl Stone Soup version 0.18-a0-1514-g6ed9364 (webtiles) character file.

3362 Foomius the Cleaver (level 9, -1/85 HPs)
             Began as a Deep Dwarf Fighter on Mar 6, 2016.
             Was a Follower of Pakellas.
             Slain by a yak (5 damage)
             ... on level 8 of the Dungeon.
             The game lasted 00:40:57 (6742 turns).

Foomius the Cleaver (Deep Dwarf Fighter)            Turns: 6742, Time: 00:40:57

Health: -1/85      AC:  8    Str: 21    XL:     9   Next: 73%
Magic:  4/12       EV: 10    Int:  9    God:    Pakellas [*.....]
Gold:   265        SH: 10    Dex: 14    Spells: 0 memorised, 8 levels left

rFire  . . .     SeeInvis .     b - +0 blowgun
rCold  . . .     Gourm    .     E - +0 scale mail
rNeg   . . .     Faith    .     c - +0 shield
rPois  .         Spirit   .     (helmet restricted)
rElec  .         Dismiss  .     M - +0 cloak
rCorr  .         Reflect  .     (no gloves)
SustAt .         Harm     .     (no boots)
MR     +....                    (no amulet)
Stlth  ..........               (no ring)
                                (no ring)

@: non-regenerating, somewhat resistant to hostile enchantments, extremely
unstealthy
A: damage resistance, recharge devices, antennae 1, talons 1, low mp 1, sense
surroundings 2, slow regeneration 3
a: Device Recharging, Quick Charge, Renounce Religion


You were on level 8 of the Dungeon.
You worshipped Pakellas.
Pakellas was aware of your devotion.
You were not hungry.

You visited 2 branches of the dungeon, and saw 10 of its levels.
You also visited: Ossuary.

You collected 265 gold pieces.

Inventory:

Hand Weapons
 a - a +0 broad axe
 b - a +0 blowgun (weapon)
 N - a +0 war axe
Missiles
 g - 128 stones
 F - 31 poisoned needles (quivered)
Armour
 c - a +0 shield (worn)
 E - a +0 scale mail (worn)
 M - a +0 cloak (worn)
Jewellery
 I - an uncursed ring of stealth {unknown}
Wands
 e - a wand of heal wounds (0/9)
 y - a wand of acid (0/15)
Scrolls
 d - 5 scrolls of identify
 h - 4 scrolls of teleportation {unknown}
 i - a scroll of amnesia {unknown}
 k - 3 scrolls of remove curse {unknown}
 l - a scroll of blinking {unknown}
 m - 3 scrolls of enchant weapon {unknown}
 n - 2 scrolls of recharging {unknown}
 p - a scroll of fog {unknown}
 s - 6 scrolls of random uselessness {unknown}
 t - 6 scrolls of noise {unknown}
 v - a scroll of immolation {unknown}
 D - 2 scrolls of enchant armour {unknown}
 G - a scroll of fear {unknown}
Potions
 j - 3 potions of mutation
 r - 2 potions of resistance
 u - a potion of curing
 w - a potion of flight {unknown}
 x - a potion of cure mutation {unknown}
 z - a potion of agility {unknown}
 A - a potion of ambrosia {unknown}
 C - 2 potions of lignification {unknown}
 H - a potion of magic {unknown}
 J - 2 potions of haste {unknown}
 O - a potion of heal wounds
Books
 K - a book of Power

   Spells                             Type                      Level
   a - Fulminant Prism                Conjuration/Hexes            4
   b - Iskenderun's Mystic Blast      Conjuration                  4
   c - Venom Bolt                     Conjuration/Poison           5
   d - Bolt of Magma                  Conjuration/Fire/Earth       5
   e - Iron Shot                      Conjuration/Earth            6
   f - Orb of Destruction             Conjuration                  7
   g - Spellforged Servitor           Conjuration/Summoning        7
 L - a book of Necromancy

   Spells                             Type                      Level
   a - Pain                           Necromancy                   1
   b - Animate Skeleton               Necromancy                   1
   c - Vampiric Draining              Necromancy                   3
   d - Regeneration                   Charms/Necromancy            3
   e - Animate Dead                   Necromancy                   4
   f - Control Undead                 Necromancy                   4
Comestibles
 f - 2 bread rations
 o - 12 fruits
 q - 2 meat rations
 B - a chunk of flesh


   Skills:
 + Level 6.5 Fighting
 + Level 9.4 Axes
 - Level 1.1 Throwing
 - Level 5.0 Armour
 + Level 5.5 Dodging
 - Level 0.3 Stealth
 - Level 4.1 Shields
 + Level 7.2 Evocations


You had 8 spell levels left.
You didn't know any spells.

Dungeon Overview and Level Annotations

Branches:
Dungeon (9/15)             Temple (1/1) D:5
   Lair: D:8-11         Orc: D:9-12

Altars:
Ashenzari
Cheibriados
Dithmenos
Elyvilon
Fedhas
Gozag
Kikubaaqudgha
Nemelex Xobeh
Pakellas
Qazlal
Ru
Sif Muna
Vehumet
Xom
Yredelemnul
Zin
The Shining One

Shops:
D:6 }

Annotations:
D:8 Foomius's ghost, novice DDFi


Innate Abilities, Weirdness & Mutations

You are resistant to damage.
You can recharge devices by infusing magical energy.
You passively map the area around you.
You do not regenerate naturally.
You have a pair of small antennae on your head.
You have sharp toenails.
Your magical capacity is low (-10% MP).


Message History

b - a +0 blowgun (weapon)
Found a chain mail.
Some of the chunks of flesh in your inventory have rotted away.
You see here a chain mail.
Found 21 bolts.
Found a stone staircase leading down.
Firing (i - inventory. (,) - cycle):
F - 33 poisoned needles (quivered)
Press: ? - help, Shift-Dir - straight line, f - yak
Aim: a yak You shoot a poisoned needle.
The poisoned needle hits the yak!
The yak is poisoned.
The yak gores you!
* * * LOW HITPOINT WARNING * * *
Firing (i - inventory. (,) - cycle):
F - 32 poisoned needles (quivered)
Press: ? - help, Shift-Dir - straight line, f/p - yak
Aim: a yak (poisoned)
You shoot a poisoned needle.
The poisoned needle closely misses the yak.
The poisoned needle hits the yak!
The yak is poisoned.
The yak gores you!
You die...
Pakellas says: Back to the drawing board!

###
#.################
#Y......[.........
#Y################
#@# * ** *#.# #.#
* *#.# * * , ,...
, , * , , .##* * ,
, * , ( * * *, *,
,.>, * , , , , * ,


You could see 2 yaks.

Vanquished Creatures
  Joseph (D:7)
  Prince Ribbit (D:9)
  A porcupine (D:9)
  A black bear (D:8)
  2 orc warriors (D:6)
  An ice beast (D:7)
  2 phantoms
  A centaur (D:9)
  2 necrophages (D:6)
  5 ogres
  Blork the orc (D:6)
  5 giant frogs
  2 scorpions (D:6)
  A centaur zombie (Ossuary)
  2 crimson imps
  A giant frog zombie (D:5)
  A hound (D:3)
  A giant frog skeleton (D:9)
  3 orc priests
  2 human zombies (Ossuary)
  A jelly (D:7)
  6 orc wizards
  2 centaur skeletons
  3 iguanas
  6 worker ants
  A big kobold zombie (Ossuary)
  2 hound zombies (D:5)
  3 mummies (Ossuary)
  9 adders
  2 oozes
  An adder zombie (D:6)
  5 worms
  A dart slug (D:4)
  6 giant geckos
  19 orcs
  7 giant cockroaches
  A gnoll zombie (Ossuary)
  6 goblins
  6 hobgoblins
  4 jackals (D:1)
  2 quokkas
  A ball python (D:3)
  6 bats
  4 giant newts
  A goblin zombie (Ossuary)
  A hobgoblin zombie (Ossuary)
  A jackal skeleton (D:4)
  5 kobolds
  A kobold zombie (Ossuary)
  A quokka skeleton (D:5)
  6 rats
156 creatures vanquished.

Notes
Turn   | Place    | Note
--------------------------------------------------------------
     0 | D:1      | Foomius the Deep Dwarf Fighter began the quest for the Orb.
     0 | D:1      | Reached XP level 1. HP: 20/20 MP: 1/1
   141 | D:2      | Reached XP level 2. HP: 18/28 MP: 2/2
   306 | D:2      | Reached XP level 3. HP: 21/34 MP: 3/3
   512 | D:2      | Reached skill level 1 in Dodging
  1048 | D:1      | Reached XP level 4. HP: 12/44 MP: 4/4
  1288 | D:1      | Reached skill level 3 in Axes
  1650 | D:2      | You fall through a shaft!
  1666 | D:3      | Reached skill level 1 in Throwing
  1709 | D:4      | Found an ancient bone altar of Kikubaaqudgha.
  1724 | D:5      | Entered Level 5 of the Dungeon
  1735 | D:5      | Reached XP level 5. HP: 11/50 MP: 5/5
  1786 | D:4      | Found a sand-covered staircase.
  1817 | Ossuary  | Entered an ossuary
  1866 | Ossuary  | Reached skill level 4 in Axes
  1969 | Ossuary  | Reached XP level 6. HP: 19/58 MP: 6/6
  2219 | D:3      | Reached skill level 5 in Fighting
  2280 | D:3      | Reached skill level 5 in Axes
  3330 | D:4      | Found a deep blue altar of Sif Muna.
  3332 | D:4      | Found a radiant altar of Vehumet.
  3336 | D:4      | Identified Vehumet's Volume of Damage Dealing
  3484 | D:4      | Found a shadowy altar of Dithmenos.
  3552 | D:4      | Reached XP level 7. HP: 41/67 MP: 7/7
  3737 | D:4      | Reached skill level 6 in Axes
  3925 | D:5      | Reached skill level 1 in Evocations
  4106 | D:5      | Found a staircase to the Ecumenical Temple.
  4381 | D:6      | Noticed Blork the orc
  4446 | D:5      | Gained mutation: You have sharp toenails. [potion of mutation]
  4446 | D:5      | Gained mutation: You have a pair of small antennae on your head. [potion of mutation]
  4446 | D:5      | Gained mutation: Your magical capacity is low (-10% MP). [potion of mutation]
  4495 | D:6      | Reached skill level 7 in Axes
  4508 | D:6      | Reached XP level 8. HP: 14/74 MP: 8/8
  4531 | D:6      | Found Mac Jeny's Gadget Shop.
  4651 | Temple   | Entered the Ecumenical Temple
  4685 | Temple   | Became a worshipper of Pakellas the Inventive
  4749 | D:6      | Killed Blork the orc
  4749 | D:6      | Reached skill level 5 in Armour
  4927 | D:6      | Reached skill level 8 in Axes
  5164 | D:6      | Found an opulent altar of Gozag.
  5212 | D:6      | Found a sacrificial altar of Ru.
  5381 | D:6      | Reached * piety under Pakellas
  5613 | D:7      | Reached skill level 5 in Evocations
  5613 | D:7      | Gained mutation: You passively map the area around you. [Deep Dwarf growth]
  5613 | D:7      | Reached XP level 9. HP: 22/82 MP: 11/11
  6016 | D:7      | Noticed Joseph
  6054 | D:7      | Killed Joseph
  6085 | D:7      | Reached skill level 9 in Axes
  6408 | D:8      | Noticed Foomius's ghost (novice DDFi)
  6491 | D:9      | Found a blossoming altar of Fedhas.
  6491 | D:9      | Found a glowing silver altar of Zin.
  6491 | D:9      | Found a stormy altar of Qazlal.
  6491 | D:9      | Found a shimmering altar of Xom.
  6491 | D:9      | Found a white marble altar of Elyvilon.
  6491 | D:9      | Found a shattered altar of Ashenzari.
  6492 | D:9      | Found a glowing golden altar of the Shining One.
  6494 | D:9      | Noticed Prince Ribbit
  6498 | D:9      | Reached skill level 5 in Dodging
  6538 | D:9      | Killed Prince Ribbit
  6632 | D:9      | Found a sparkling altar of Nemelex Xobeh.
  6741 | D:8      | HP: 4/85 [yak (13)]
  6742 | D:8      | Slain by a yak

Vault maps used:
D:1:      dpeg_arrival_water_altar, corexii_leaking_fountain
D:2:      first_bread
D:4:      grunt_temple_overflow_magic_moments, grunt_dithmenos_smoke,
          enter_ossuary_5
D:5:      trog_eyes_of_draining, minmay_temple_entry_from_below_a
D:6:      grunt_gozag_breadcrumbs, serial_shops, shop_fountains,
          kennysheep_decorative_pillar, nicolae_ru_sacrificial_ziggurat,
          uniq_blork_the_orc
D:7:      uniq_joseph
D:8:      grunt_livestock
D:9:      grunt_temple_overflow_open, minmay_lair_entry_grove,
          nemelex_diamond_rough_becter, uniq_prince_ribbit1
Temple:   nicolae_temple_great_sept
Ossuary:  ossuary_crypta

Skill      XL: |  1  2  3  4  5  6  7  8  9 |
---------------+----------------------------+-----
Fighting       | 3 4 5 6 |  6.5
Dodging        | 1 3 5 |  5.5
Axes           | 3 4 5 7 8 9 |  9.4
Throwing       | 1 |  1.1
Armour         | 4 5 |  5.0
Shields        | 4 |  4.1
Evocations     | 2 5 7 |  7.2
Stealth        | |  0.3

Action                   |  1- 3 |  4- 6 |  7- 9 || total
-------------------------+-------+-------+-------++-------
Melee: War axe           |   113 |   215 |   136 ||   464
       Broad axe         |       |       |    69 ||    69
 Fire: Blowgun           |       |    20 |   109 ||   129
Throw: Stone             |    35 |    66 |    50 ||   151
Invok: Quick Charge      |       |       |     4 ||     4
Evoke: Wand              |       |     5 |     8 ||    13
  Use: Potion            |     1 |       |     7 ||     8
       Scroll            |       |       |     2 ||     2
  Eat: Chunk             |     1 |     5 |    11 ||    17
       Beef jerky        |       |     2 |       ||     2
